 Dungeon Crawl Stone Soup version 0.28-a0-512-g960c72b710 (webtiles) character file.

Game seed: 14527482819850228017

2102 Ijustatesigmund the Skirmisher (level 9, -3/58 HPs)
             Began as a Gargoyle Fighter on Sept 22, 2021.
             Was a Priest of Okawaru.
             Slain by a cyclops (16 damage)
             ... on level 8 of the Dungeon.
             The game lasted 00:12:49 (7585 turns).

Ijustatesigmund the Skirmisher (Gargoyle Fighter)   Turns: 7585, Time: 00:12:50

Health: -3/58      AC: 18    Str: 24      XL:     9   Next: 28%
Magic:  11/12      EV: 12    Int: 20 (21) God:    Okawaru [***...]
Gold:   195        SH: 11    Dex: 12      Spells: 8/8 levels left

rFire   . . .      SeeInvis .   r - +3 morningstar (vorpal)
rCold   . . .      Faith    .   c - +0 kite shield
rNeg    + . .      Spirit   .   b - +0 swamp dragon scales
rPois   ∞          Reflect  .   (no helmet)
rElec   +          Harm     .   m - +0 cloak
rCorr   .          Rampage  .   (no gloves)
Will    .....                   (no boots)
Stlth   ++........              (no amulet)
HPRegen 0.19/turn               l - ring of the Tormentor {Str+4 Int+6}
MPRegen 0.13/turn               d - +6 ring of intelligence

@: heroic, hasted, very quick
A: sickness immunity, AC +6, negative energy resistance 1, electricity
resistance, torment resistance 1, petrification resistance, deterioration 1,
wild magic 1, MP-powered wands
a: Renounce Religion, Heroism


You were on level 8 of the Dungeon.
You worshipped Okawaru.
Okawaru was most pleased with you.
You visited 1 branch of the dungeon, and saw 8 of its levels.

You collected 339 gold pieces.
You spent 144 gold pieces at shops.

Inventory:

Hand Weapons
 r - a +3 vorpal morningstar (weapon)
Armour
 b - +0 swamp dragon scales (worn)
 c - a +0 kite shield (worn)
 m - a +0 cloak (worn)
Jewellery
 d - a +6 ring of intelligence (right hand)
 g - a ring of flight
 l - the ring of the Tormentor (left hand) {Str+4 Int+6}
   (You found it on level 4 of the Dungeon)

   [ring of intelligence]

   Str:       It affects your strength (+4).
   Int:       It affects your intelligence (+6).
Wands
 a - a wand of paralysis (5)
 j - a wand of digging (6)
 p - a wand of polymorph (5)
Scrolls
 e - a scroll of amnesia
 f - 2 scrolls of identify
 n - a scroll of magic mapping
Potions
 h - 2 potions of lignification
 i - a potion of attraction


   Skills:
 + Level 7.7(12.7) Fighting
 + Level 7.7(12.7) Maces & Flails
 - Level 5.0(10.0) Armour
 + Level 1.0(6.0) Dodging
 - Level 5.0(10.0) Shields
 + Level 4.6 Invocations


You had 8 spell levels left.
You didn't know any spells.
Your spell library contained the following spells:

 Spells                   Type           Power      Damage    Failure   Level
 Magic Dart               Conj           0%         1d3       54%         1
 Searing Ray              Conj           0%         2d4       69%         2
 Dazzling Flash           Conj/Hex       0%         N/A       88%         3
 Fulminant Prism          Conj/Hex       0%         3d6       99%         4
 Iskenderun's Mystic Bla  Conj/Tloc      0%         2d3       99%         4
 Borgnjor's Vile Clutch   Necr/Erth      0%         N/A       100%        5
 Starburst                Conj/Fire      0%         6d3       100%        6
 Orb of Destruction       Conj           0%         N/A       100%        7
 Summon Guardian Golem    Hex/Summ       Unusable   N/A       N/A         3
 Animate Dead             Necr           Unusable   N/A       N/A         4
 Death Channel            Necr           Unusable   N/A       N/A         6
 Spellforged Servitor     Conj/Summ      Unusable   N/A       N/A         7

Dungeon Overview and Level Annotations

Branches:
Dungeon (7/15)             Temple (0/1) D:5

Altars:
Ashenzari
Elyvilon
Fedhas
Hepliaklqana
Nemelex Xobeh
Okawaru
Ru
Uskayaw
Zin

Shops:
D:4 [   D:6 *

Annotations:
D:5 Prince Ribbit


Innate Abilities, Weirdness & Mutations

You are immune to sickness and miasma.
Your stone body is resilient. (AC +6)
You are immune to poison.
You resist negative energy. (rN+)
You are resistant to electric shocks. (rElec)
You are resistant to unholy torment.
You are immune to petrification.
Your body sometimes deteriorates upon taking damage.
Your spells are a little harder to cast, but a little more powerful.
You expend magic power (3 MP) to strengthen your wands.


Message History

You are too injured to fight recklessly!
You are too injured to fight recklessly!
You are too injured to fight recklessly!
You are too injured to fight recklessly!
You are too injured to fight recklessly!
You are too injured to fight recklessly!
You are too injured to fight recklessly!
You are too injured to fight recklessly!
You are too injured to fight recklessly!
Okay, then.
You gain the combat prowess of a mighty hero.
You block the wyvern's attack.
The wyvern hisses menacingly.
You block the wyvern's attack.
Your swamp dragon scales prevents you from hitting the wyvern.
The wyvern is heavily wounded.
You block the wyvern's attack.
You hit the wyvern.
The wyvern is severely wounded.
The wyvern bites you but does no damage. x2
You impale the wyvern!!
You kill the wyvern!
Okawaru accepts your kill.
Your base Dodging skill increases to level 1!
You hit the cyclops.
The cyclops is lightly wounded.
You hit the cyclops.
The cyclops is lightly wounded.
The cyclops hits you!
* * * LOW HITPOINT WARNING * * *
You barely miss the cyclops.
The cyclops is lightly wounded.
The cyclops barely misses you.
It was a potion of cancellation.
You feel magically purged. The cyclops completely misses you.
It was a potion of haste.
You feel yourself speed up.
You hit the cyclops.
The cyclops is moderately wounded.
The cyclops hits you!
You die...

##### ##...# #
#....# ...
#....###.....
#....@Cyy....
####.######.. #.#
#... #.# # #..#
#.# #.#... #.#
#.##.#########
#.#.#.............
#.#......#.#######
#.######.#.#


You could see a cyclops and 2 killer bees.

Vanquished Creatures
  Maggie (D:7)
  A wyvern (D:8)
  Duvessa (D:5)
  2 sky beasts
  A black bear (D:4)
  A necrophage (D:3)
  An ogre (D:6)
  3 bullfrogs (D:6)
  A scorpion (D:6)
  Dowan (D:5)
  A water moccasin skeleton (D:6)
  2 killer bees (D:8)
  A centaur zombie (D:8)
  A bullfrog zombie (D:4)
  3 jellies
  2 hounds (D:4)
  Crazy Yiuf (D:5)
  A bullfrog skeleton (D:6)
  2 centaur skeletons
  An orc wizard (D:5)
  Ijyb (D:4)
  2 iguanas
  A scorpion zombie (D:5)
  A killer bee zombie (D:6)
  4 gnolls (D:2)
  6 adders
  2 white imps
  An ufetubus (D:5)
  2 worms (D:3)
  A dart slug (D:2)
  16 orcs
  5 bats
  7 endoplasms
  2 giant cockroaches (D:1)
  5 goblins
  7 hobgoblins
  3 jackals (D:2)
  3 kobolds
  4 quokkas
  3 ball pythons
  4 frilled lizards
  4 rats
112 creatures vanquished.

Notes
Turn   | Place    | Note
-------+----------+-------------------------------------------
     0 | D:1      | Ijustatesigmund the Gargoyle Fighter began the quest for
                  | the Orb.
     0 | D:1      | Reached XP level 1. HP: 14/14 MP: 1/1
   290 | D:1      | Reached XP level 2. HP: 18/19 MP: 2/2
   444 | D:1      | Found a faded altar of an unknown god.
   863 | D:2      | Found an iron altar of Okawaru.
   870 | D:2      | Became a worshipper of Warmaster Okawaru
   881 | D:2      | Reached XP level 3. HP: 13/24 MP: 3/3
  1196 | D:2      | Reached XP level 4. HP: 28/29 MP: 4/4
  2103 | D:2      | Reached XP level 5. HP: 29/34 MP: 5/5
  2616 | D:3      | Gained mutation: You expend magic power (3 MP) to
                  | strengthen your wands. [potion of mutation]
  2616 | D:3      | Gained mutation: Your body sometimes deteriorates upon
                  | taking damage. [potion of mutation]
  2616 | D:3      | Gained mutation: Your spells are a little harder to cast,
                  | but a little more powerful. [potion of mutation]
  3291 | D:3      | Noticed a necrophage
  3302 | D:3      | Killed a necrophage
  3303 | D:3      | Reached skill level 5 in Maces & Flails
  3303 | D:3      | Reached XP level 6. HP: 40/40 MP: 6/6
  3328 | D:3      | Reached skill level 5 in Fighting
  3577 | D:3      | Found a glowing silver altar of Zin.
  3581 | D:3      | Found a blossoming altar of Fedhas.
  3587 | D:3      | Found a white marble altar of Elyvilon.
  3587 | D:3      | Found a broken altar of Ashenzari.
  3587 | D:3      | Found a hide-covered altar of Uskayaw.
  3589 | D:3      | Found a hazy altar of Hepliaklqana.
  3592 | D:3      | Found a sacrificial altar of Ru.
  3718 | D:4      | Found Dytussei's Antique Armour Boutique.
  3745 | D:4      | Reached * piety under Okawaru
  3808 | D:4      | Bought a kite shield for 144 gold pieces
  3846 | D:4      | Noticed Ijyb
  3855 | D:4      | Killed Ijyb
  4064 | D:4      | Identified the ring of the Tormentor {Str+4 Int+6}
  4211 | D:4      | Reached XP level 7. HP: 38/44 MP: 7/7
  4632 | D:5      | Entered Level 5 of the Dungeon
  4880 | D:5      | Found a staircase to the Ecumenical Temple.
  5502 | D:5      | Reached skill level 1 in Invocations
  5724 | D:5      | Noticed Prince Ribbit
  5724 | D:5      | Noticed Duvessa
  5724 | D:5      | Noticed Dowan
  5737 | D:5      | Killed Duvessa
  5738 | D:5      | Reached XP level 8. HP: 32/51 MP: 7/9
  5742 | D:5      | Killed Dowan
  6055 | D:5      | Found a runed translucent door.
  6056 | D:5      | Noticed Crazy Yiuf
  6310 | D:5      | Killed Crazy Yiuf
  6311 | D:5      | Reached skill level 5 in Shields
  6605 | D:6      | Reached ** piety under Okawaru
  6819 | D:6      | Found Yrghas's Neck Hole.
  7430 | D:7      | Noticed Maggie
  7444 | D:7      | Killed Maggie
  7444 | D:7      | Reached *** piety under Okawaru
  7445 | D:7      | Reached skill level 5 in Armour
  7445 | D:7      | Reached XP level 9. HP: 44/57 MP: 9/12
  7516 | D:7      | Found a sparkling altar of Nemelex Xobeh.
  7532 | D:7      | You fall into a shaft and drop 1 floor!
  7566 | D:8      | Noticed a cyclops
  7580 | D:8      | Reached skill level 1 in Dodging
  7585 | D:8      | Slain by a cyclops

Illustrated notes

Levels and vault maps discovered:
D:1:      nagdon_arrival_zigzag_paths, layout_basic, serial_curves,
          eino_curves_01, eino_curves_02, eino_curves_02,
          dilly_ecumenical_altar_fadedgnrine
D:2:      layout_loops_ring, basic_altar, minmay_misc_feat_hallway,
          minmay_bisected
D:3:      layout_loops_corners, minitemple, kennysheep_generic_room_12
D:4:      layout_rooms, serial_shops, shop_fountains, uniq_ijyb
D:5:      layout_basic, minmay_temple_entry_mist, uniq_crazy_yiuf_cottage,
          uniq_prince_ribbit1, uniq_duvessa
D:6:      layout_basic, mrwooster_statue_mirror,
          nicolae_shop_sticking_my_neck_out
D:7:      layout_loops_ring, nemelex_spade_bored_becter, gammafunk_ghost_hive,
          uniq_maggie, uniq_menkaure
D:8:      layout_basic, lair_entry_dummy, kennysheep_windowed_goal, uniq_grum

Skill      XL: |  1  2  3  4  5  6  7  8  9 |
---------------+----------------------------+-----
Maces & Flails | 3 4 5 6 7 |  7.7
Fighting       | 4 5 6 7 |  7.7
Shields        | 4 5 |  5.0
Invocations    | 1 4 |  4.6
Armour         | 5 |  5.0
Dodging        | 1 |  1.0

Action                   |  1- 3 |  4- 6 |  7- 9 || total
-------------------------+-------+-------+-------++-------
Melee: Flail             |    81 |   195 |   196 ||   472
       Morningstar       |       |       |    31 ||    31
Invok: Heroism           |       |       |     2 ||     2
  Use: Scroll            |     3 |     7 |     1 ||    11
       Potion            |       |     3 |     4 ||     7
Armor: Scale mail        |    54 |   111 |   112 ||   277
       Skin              |       |     1 |       ||     1
       Swamp dragon scal |       |       |    17 ||    17
Dodge: Dodged            |    35 |    91 |    74 ||   200
Block: Buckler           |    17 |    35 |       ||    52
       Kite shield       |       |    23 |   103 ||   126

Table legend: (Time is in decaauts)
 A = Elapsed time spent in this place.
 B = Non-inter-level travel time spent in this place.
 C = Inter-level travel time spent in this place.
 D = Time resting spent in this place.
 E = Time spent auto-exploring this place.
 F = Levels seen in this place.
 G = Mean time per level.
                   A        B        C        D        E       F      G
               +--------+--------+--------+--------+--------+-----+--------+
         Total |   7699 |   7523 |    176 |   2447 |   3915 |   8 |  962.4 |
       Dungeon |   7699 |   7523 |    176 |   2447 |   3915 |   8 |  962.4 |
               +--------+--------+--------+--------+--------+-----+--------+

Top non-repeatable levels by time:
     D:5: 1971 daAuts
     D:2: 1491 daAuts
     D:3: 1367 daAuts
     D:4: 1000 daAuts
     D:1: 845 daAuts
     D:6: 825 daAuts
     D:7: 136 daAuts
     D:8: 60 daAuts
